 Seeded DCSS version 0.28-a0-1567-g1695149f81 (webtiles) character file.

Game seed: 347 (custom seed)

153 knot the Chopper (level 5, -1/61 HPs)
             Began as a Demonspawn Berserker on Jan 20, 2022.
             Was a Follower of Trog.
             Succumbed to an orc wizard's poison
             ... on level 3 of the Dungeon.
             The game lasted 00:01:48 (2392 turns).

knot the Chopper (Demonspawn Berserker)             Turns: 2392, Time: 00:01:48

Health: -1/61      AC: 22    Str: 17    XL:     5   Next: 12%
Magic:  5/5        EV:  2    Int: 10    God:    Trog [*.....]
Gold:   61         SH:  0    Dex: 13    Spells: 4/4 levels left

rFire   . . .      SeeInvis .   a - +0 hand axe
rCold   . . .      Faith    .   (no shield)
rNeg    . . .      Spirit   .   (armour currently unavailable)
rPois   +          Reflect  .   (helmet currently unavailable)
rElec   .          Harm     .   (cloak currently unavailable)
rCorr   .          Rampage  .   (gloves currently unavailable)
Will    .....      NoTele   +   (boots currently unavailable)
Stlth   +.........              (no amulet)
HPRegen 0.20/turn               (no ring)
MPRegen 0.18/turn               (no ring)

@: confused, lethally poisoned (-1 -> -19), tree-form, on berserk cooldown,
hasted and slowed
A: stationary, stasis, torment immunity, boosted hp, (horns 1), magic
regeneration
a: Renounce Religion, Berserk


You were on level 3 of the Dungeon.
You worshipped Trog.
Trog was aware of your devotion.
You were a tree.
You visited 1 branch of the dungeon, and saw 3 of its levels.

You collected 61 gold pieces.

Inventory:

Hand Weapons
 a - a +0 hand axe (weapon)
Missiles
 j - 5 stones (quivered)
 m - 2 javelins
Armour
 b - a +0 animal skin (melded)
 g - a +0 pair of boots (melded)
Jewellery
 k - a +6 ring of intelligence
 l - a ring of fire
Scrolls
 c - a scroll of enchant weapon {unknown}
 d - 3 scrolls of identify {unknown}
 f - a scroll of fog {unknown}
 i - a scroll of teleportation {unknown}


   Skills:
 - Level 3.0 Fighting
 + Level 5.3 Axes
 - Level 1.7 Armour
 - Level 1.7 Dodging


You had 4 spell levels left.
You didn't know any spells.
Your spell library contained the following spells:

 Spells                   Type           Power      Damage    Failure   Level
 Foxfire                  Conj/Fire      0%         2x1d4     36%         1
 Conjure Flame            Conj/Fire      0%         6-21      75%         3
 Inner Flame              Hex/Fire       0%         N/A       75%         3
 Flame Wave               Conj/Fire      0%         2d4       98%         4


Dungeon Overview and Level Annotations

Branches:
Dungeon (3/15)

Altars:


Innate Abilities, Weirdness & Mutations

You are a tree.
Your roots penetrate the ground, keeping you stationary.
You cannot be teleported.
You are immune to unholy pain and torment.
Your maximum health is greatly increased.
Your equipment is partially melded.
((You have a pair of small horns on your head.))
You regenerate magic rapidly.


Message History

A red film seems to cover your vision as you go berserk!
You feel yourself moving faster!
You feel mighty!
You feel very sick.
You hear some strange, mumbled words.
You are confused.
Okay, then.
You miss something. Your headbutt misses something.
You feel sick.
You feel sick.
You slash something!
You feel sick.
You hear some strange, mumbled words.
You are more confused.
You feel sick.
You feel a strong urge to attack something.
You feel sick.
You feel sick.
You hear some strange, mumbled words.
A magic dart appears from out of thin air!
The magic dart hits you.
* * * LOW HITPOINT WARNING * * *
You bump into the rock wall.
You feel your anger nearly subside.
You are no longer berserk.
You are exhausted.
You feel yourself slow down.
It was a potion of haste.
You feel yourself speed up.
You feel sick. Something hits you but does no damage.
You are lethally poisoned!
Something hits you.
* * * LOW HITPOINT WARNING * * *
You are more poisoned.
Unknown command.
It was a potion of berserk rage.
You're still recovering from your berserk rage.
* * * LOW HITPOINT WARNING * * *
You feel very sick. Something barely misses you.
It was a potion of lignification.
You turn into a tree.
Your +0 pair of boots melds into your body.
Your +0 animal skin melds into your body.
Your roots penetrate the ground.
You die...

## . ### #. ..# #
####..# #.# .# .....
#.##.####
#.##.##..###)....... #.
#.#.......♣...#..... #.
#.#..##.##.{....# #.
#.#..##.#......<# #.
#.#..##.)....)...# #.##
#.#..##.#.......## #..#
#.#...#.##......#
##.###....(..##.......#
#........#...†....##.#.#
#..############..##
.##..


There were no monsters in sight!

Vanquished Creatures
  An orc priest (D:3)
  3 adders
  4 gnolls (D:2)
  3 dart slugs
  3 orcs (D:3)
  9 ball pythons
  6 endoplasms
  A giant cockroach (D:2)
  2 hobgoblins
  2 jackals (D:2)
  A quokka (D:2)
  5 bats
  2 frilled lizards (D:1)
  3 goblins
  5 kobolds
  5 rats
55 creatures vanquished.

Vanquished Creatures (others)
  A withered plant (D:1)
1 creature vanquished.

Grand Total: 56 creatures vanquished

Notes
Turn   | Place    | Note
-------+----------+-------------------------------------------
     0 | D:1      | knot the Demonspawn Berserker began the quest for the Orb.
     0 | D:1      | Reached XP level 1. HP: 18/18 MP: 1/1
   293 | D:1      | Reached skill level 3 in Axes
   447 | D:1      | Gained mutation: You regenerate magic rapidly. [demonic
                  | ancestry]
   447 | D:1      | Reached XP level 2. HP: 21/24 MP: 2/2
   755 | D:1      | Found a faded altar of an unknown god.
  1063 | D:2      | Reached XP level 3. HP: 24/29 MP: 3/3
  1150 | D:2      | Reached skill level 4 in Axes
  1703 | D:2      | Reached XP level 4. HP: 30/35 MP: 4/4
  2112 | D:3      | Reached skill level 5 in Axes
  2113 | D:3      | Gained mutation: You have a pair of small horns on your
                  | head. [demonic ancestry]
  2113 | D:3      | Reached XP level 5. HP: 41/41 MP: 5/5
  2391 | D:3      | HP: 2/41 [poisoned by an orc wizard]
  2392 | D:3      | Succumbed to an orc wizard's poison

Illustrated notes

Levels and vault maps discovered:
D:1:      dpeg_arrival_rooms_with_view, layout_loops_ring,
          shapermc_ecumenical_altar_gd
D:2:      layout_rooms
D:3:      layout_loops_ring, minmay_checkerbox

Skill      XL: |  1  2  3  4 |
---------------+-------------+-----
Axes           | 3 4 5 |  5.3
Fighting       | |  3.0
Armour         | |  1.7
Dodging        | |  1.7

Action                   |  1- 3 |  4- 6 || total
-------------------------+-------+-------++-------
Melee: Hand axe          |   120 |    33 ||   153
       Headbutt          |       |     3 ||     3
Invok: Berserk           |     4 |     2 ||     6
  Use: Potion            |       |     3 ||     3
 Stab: Sleeping          |     1 |       ||     1
Armor: Animal skin       |    25 |     6 ||    31
Dodge: Dodged            |    89 |    23 ||   112

Table legend: (Time is in decaauts)
 A = Elapsed time spent in this place.
 B = Non-inter-level travel time spent in this place.
 C = Inter-level travel time spent in this place.
 D = Time resting spent in this place.
 E = Time spent auto-exploring this place.
 F = Levels seen in this place.
 G = Mean time per level.
                   A        B        C        D        E       F      G
               +--------+--------+--------+--------+--------+-----+--------+
         Total |   2458 |   2427 |     31 |    694 |   1366 |   3 |  819.3 |
       Dungeon |   2458 |   2427 |     31 |    694 |   1366 |   3 |  819.3 |
               +--------+--------+--------+--------+--------+-----+--------+

Top non-repeatable levels by time:
     D:2: 1161 daAuts
     D:1: 948 daAuts
     D:3: 349 daAuts
